 Dungeon Crawl Stone Soup version 0.30.0 (webtiles) character file.

Game seed: 3909024094832149259

85 chorocmaeul the Shield-Bearer (level 4, 0/36 (37) HPs)
             Began as a Formicid Fighter on Oct 20, 2023.
             Slain by Crazy Yiuf
             ... wielding a +2 quarterstaff of chaos
              (5 damage)
             ... on level 2 of the Dungeon.
             The game lasted 00:02:54 (1332 turns).

chorocmaeul the Shield-Bearer (Formicid Fighter)    Turns: 1332, Time: 00:02:54

HP:   0/36 (37)     AC:  8    Str: 23    XL:     4   Next: 75%
MP:   3/4           EV:  9    Int:  7    God:
Gold: 74            SH:  5    Dex: 13    Spells: 3/3 levels left

rFire   . . .        a - +0 flail
rCold   . . .        c - +0 buckler
rNeg    . . .        b - +0 scale mail
rPois   .            (helmet unavailable)
rElec   .            (no cloak)
rCorr   .            (no gloves)
SInv    +            g - +0 pair of boots
Will    .....        (no amulet) Stlth
                     (no ring)
HPRegen 0.26/turn    (no ring)
MPRegen 0.09/turn

%: no passive effects
@: lightly drained
A: permanent stasis, dig shafts and tunnels, antennae 3, four strong arms
a: Dig, Shaft Self


You were on level 2 of the Dungeon.
You visited 1 branch of the dungeon, and saw 2 of its levels.

You collected 74 gold pieces.

Inventory:

Hand Weapons
 a - a +0 flail (weapon)
Armour
 b - a +0 scale mail (worn)
 c - a +0 buckler (worn)
 g - a +0 pair of boots (worn)
Scrolls
 e - a scroll of immolation {unknown}
 f - a scroll of teleportation {unknown}
 h - 5 scrolls of identify {unknown}
 i - a scroll of brand weapon {unknown}
 k - a scroll of noise {unknown}
 m - a scroll of silence {unknown}
Potions
 j - a potion of curing
 l - a potion of magic {unknown}


   Skills:
 + Level 3.7 Fighting
 + Level 3.0 Maces & Flails
 + Level 4.1 Armour
 + Level 0.7 Dodging
 + Level 4.4 Shields


You had 3 spell levels left.
You didn't know any spells.
Your spell library was empty.

Dungeon Overview and Level Annotations

Branches:
Dungeon (2/15)

Altars:

Shops:
D:1 [

Annotations:
D:2 Crazy Yiuf


Innate Abilities, Weirdness & Mutations

You cannot be hasted, slowed, berserked, paralysed or teleported.
You can dig through walls and to a lower floor.
You have a pair of large antennae on your head. (SInv)
Your four strong arms can wield two-handed weapons with a shield.


Message History

Crazy Yiuf shouts!
You open the door. You barely miss Crazy Yiuf. Crazy Yiuf barely misses you.
You barely miss Crazy Yiuf.
Crazy Yiuf hits you with a +2 quarterstaff of chaos!
Crazy Yiuf freezes you.
You hit Crazy Yiuf but do no damage.
Crazy Yiuf laughs, "Cards arm horse!"
Crazy Yiuf closely misses you.
Crazy Yiuf hits you with a +2 quarterstaff of chaos.
Crazy Yiuf burns you.
You hit Crazy Yiuf.
Crazy Yiuf is moderately wounded.
Crazy Yiuf barely misses you.
You hit Crazy Yiuf.
Crazy Yiuf is heavily wounded.
Crazy Yiuf drinks a potion.
Crazy Yiuf is healed!
You closely miss Crazy Yiuf.
Crazy Yiuf is moderately wounded.
Crazy Yiuf yells, "Line senile seventy!"
Crazy Yiuf closely misses you.
You closely miss Crazy Yiuf.
Crazy Yiuf is moderately wounded.
Crazy Yiuf hits you with a +2 quarterstaff of chaos.
You feel your power leaking away.
Crazy Yiuf hits you with a +2 quarterstaff of chaos!
* * * LOW HITPOINT WARNING * * *
You resist with some effort.
You hit Crazy Yiuf.
Crazy Yiuf is heavily wounded.
Crazy Yiuf misses you.
You sock Crazy Yiuf!
Crazy Yiuf is almost dead.
Crazy Yiuf hits you with a +2 quarterstaff of chaos.
* * * LOW HITPOINT WARNING * * *
You feel drained.
You barely miss Crazy Yiuf.
Crazy Yiuf is almost dead.
Crazy Yiuf hits you with a +2 quarterstaff of chaos.
You die...

#.##.....#
#.......##
#.......# #########
######## #.......
####♣♣ ### #.......
##..+P♣♣ ♣♣#..)#
#.......
#....PP♣♣♣♣@g...#
#.......
#.....P.♣..♣#...#
#.......
#...+P.♣.♣♣♣ ###
###.......
##.##♣♣♣♣♣
#.#....... #.#
#.####.#.# #.### ##
####.####.#.# #...#
####.##............
###.###
#.....####.###...†.
#...# . #..####.#
#.....


You could see Crazy Yiuf.

Vanquished Creatures
  Robin (D:2)
  An adder (D:2)
  2 worms (D:2)
  5 endoplasms
  4 giant cockroaches
  13 goblins
  5 hobgoblins
  4 jackals (D:2)
  3 kobolds
  A quokka (D:1)
  4 ball pythons (D:1)
  3 bats (D:1)
  2 frilled lizards
  6 rats
54 creatures vanquished.

Notes
Turn   | Place    | Note
-------+----------+-------------------------------------------
     0 | D:1      | chorocmaeul the Formicid Fighter began the quest for the
                  | Orb.
     0 | D:1      | Reached XP level 1. HP: 18/18 MP: 1/1
     6 | D:1      | Noticed a lindwurm
     6 | D:1      | Noticed a scorpion
     6 | D:1      | Noticed a hound
     7 | D:1      | Noticed a black bear
     7 | D:1      | Noticed a swamp drake
    92 | D:1      | Found Maghorr's Armour Boutique.
   117 | D:1      | Reached XP level 2. HP: 24/24 MP: 2/2
   363 | D:1      | Reached XP level 3. HP: 25/29 MP: 3/3
   879 | D:2      | Reached XP level 4. HP: 33/37 MP: 4/4
  1096 | D:2      | Noticed Robin
  1133 | D:2      | Killed Robin
  1312 | D:2      | Found a runed translucent door.
  1319 | D:2      | Noticed Crazy Yiuf
  1332 | D:2      | Slain by Crazy Yiuf

Illustrated notes

Levels and vault maps discovered:
D:1:      onia_arrival_zoo_common, layout_loops_ring, serial_shops, shop
D:2:      layout_loops_cross, minivault_14, chequers_jeans,
          uniq_crazy_yiuf_cottage, uniq_robin

Skill      XL: |  1  2  3  4 |
---------------+-------------+-----
Armour         | 4 |  4.1
Maces & Flails | 3 |  3.0
Fighting       | |  3.7
Dodging        | |  0.7
Shields        | |  4.4

Action                     |  1- 3 |  4- 6 || total
---------------------------+-------+-------++-------
  Melee: Flail             |   102 |    65 ||   167
    Use: Potion            |       |     2 ||     2
 Armour: Scale mail        |    51 |    29 ||    80
  Dodge: Dodged            |    46 |    33 ||    79
  Block: Buckler           |    15 |    12 ||    27
